 Dungeon Crawl Stone Soup version 0.19.5 (webtiles) character file.

13909 empire the Fighter (level 11, -3/101 HPs)
             Began as a Green Draconian Monk on Mar 6, 2017.
             Was a High Priest of Nemelex Xobeh.
             Splashed by a brown ugly thing's acid (6 damage)
             ... on level 11 of the Dungeon.
             The game lasted 00:33:23 (12641 turns).

empire the Fighter (Green Draconian Monk)          Turns: 12641, Time: 00:33:24

Health: -3/101     AC:  0    Str: 14 (15) XL:     11   Next: 81%
Magic:  18/18      EV: 19    Int: 14      God:    Nemelex Xobeh [*****.]
Gold:   215        SH:  0    Dex: 13 (14) Spells: 1 memorised, 11 levels left

rFire  + . .     SeeInvis .     a - +1 scimitar
rCold  . . .     Gourm    .     (armour unavailable)
rNeg   . . .     Faith    .     (no shield)
rPois  +         Spirit   .     (helmet restricted)
rElec  .         Reflect  .     N - +2 cloak (curse)
rCorr  .         Harm     .     d - +2 pair of gloves
MR     .....     Rnd*Rage +     B - +2 pair of boots
Stlth  +++.......               (no amulet)
                                y - ring of protection from fire
                                C - +2 ring of evasion (curse)

@: about to teleport, corroded
A: breathe noxious fumes, unfitting armour, talons 1, berserk 2, clever 1,
deterioration 1, poison resistance, cold-blooded, AC +7
a: Breathe Noxious Fumes, Triple Draw, Deal Four, Stack Five, Renounce Religion


You were on level 11 of the Dungeon.
You worshipped Nemelex Xobeh.
Nemelex Xobeh was extremely pleased with you.
You were not hungry.

You visited 2 branches of the dungeon, and saw 12 of its levels.
You also visited: Bailey.

You collected 695 gold pieces.
You spent 480 gold pieces at shops.

Inventory:

Hand Weapons
 a - a +1 scimitar (weapon)
 p - a +1 dagger of venom
 x - a +3 dire flail of holy wrath
 E - a +0 whip of freezing
 J - a +2 vampiric dagger
 T - a cursed -2 long sword
Armour
 d - a +2 pair of gloves (worn)
 A - a +0 shield
 B - a +2 pair of boots (worn)
 N - a cursed +2 cloak (worn)
Jewellery
 y - a ring of protection from fire (right hand)
 C - a cursed +2 ring of evasion (left hand)
Wands
 K - a wand of disintegration (0/24)
 W - a wand of confusion (27/48)
Scrolls
 f - 2 scrolls of fear
 i - 9 scrolls of teleportation
 j - 2 scrolls of fog
 k - 3 scrolls of enchant armour
 o - 2 scrolls of magic mapping
 s - 6 scrolls of remove curse
 F - a scroll of recharging
Potions
 e - 2 potions of agility
 g - 2 potions of ambrosia
 l - 2 potions of brilliance
 m - a potion of might
 n - 5 potions of heal wounds
 r - 8 potions of curing
 u - 3 potions of resistance
 v - a potion of lignification
 w - a potion of invisibility
 z - 3 potions of magic
 H - 2 potions of mutation
 M - a potion of flight {unknown}
 O - 3 potions of degeneration {unknown}
 Q - a potion of haste
 U - a potion of berserk rage
Books
 h - a book of Frost

   Spells                             Type                      Level
   a - Freeze                         Ice                          1
   b - Throw Frost                    Conjuration/Ice              2
   c - Ozocubu's Armour               Charms/Ice                   3
   d - Throw Icicle                   Conjuration/Ice              4
   e - Summon Ice Beast               Ice/Summoning                4
 t - a book of Changes

   Spells                             Type                      Level
   a - Beastly Appendage              Transmutation                1
   b - Sticks to Snakes               Transmutation                2
   c - Spider Form                    Transmutation/Poison         3
   d - Ice Form                       Ice/Transmutation            4
   e - Blade Hands                    Transmutation                5
 G - a book of Misfortune

   Spells                             Type                      Level
   a - Confusing Touch                Hexes                        1
   b - Confuse                        Hexes                        3
   c - Gell's Gravitas                Hexes/Translocation          3
   d - Petrify                        Transmutation/Earth          4
   e - Metabolic Englaciation         Hexes/Ice                    5
   f - Yara's Violent Unravelling     Hexes/Transmutation          5
 R - a book of Necromancy

   Spells                             Type                      Level
   a - Pain                           Necromancy                   1
   b - Animate Skeleton               Necromancy                   1
   c - Vampiric Draining              Necromancy                   3
   d - Regeneration                   Charms/Necromancy            3
   e - Animate Dead                   Necromancy                   4
   f - Control Undead                 Necromancy                   4
Miscellaneous
 L - a plain deck of escape
 P - a legendary deck of summoning
 S - a plain deck of destruction {drawn: 8}
 V - an ornate deck of escape
 X - an ornate deck of summoning {drawn: 3}
Comestibles
 b - 11 bread rations
 c - 2 beef jerkies
 q - 8 slices of pizza
 D - 2 fruits
 I - 3 meat rations


   Skills:
 + Level 10.6 Fighting
 + Level 10.1 Long Blades
 + Level 9.2 Dodging
 - Level 4.1 Stealth
 - Level 1.0 Spellcasting
 - Level 3.1 Transmutations
 - Level 9.4 Invocations
 + Level 1.0 Evocations


You had 11 spell levels left.
You knew the following spells:

 Your Spells              Type           Power        Failure   Level  Hunger
a - Beastly Appendage     Tmut           #.....       10%         1    ##.....


Dungeon Overview and Level Annotations

Branches:
Dungeon (11/15)            Temple (1/1) D:5            Lair (0/6) D:11
    Orc (0/2) D:10

Altars:
Ashenzari
Cheibriados
Dithmenos
Elyvilon
Fedhas
Gozag
Hepliaklqana
Kikubaaqudgha
Makhleb
Nemelex Xobeh
Okawaru
Qazlal
Ru
Sif Muna
Trog
Uskayaw
Vehumet
Xom
Yredelemnul
Zin
The Shining One

Shops:
D:8 ((*


Innate Abilities, Weirdness & Mutations

You can breathe blasts of noxious fumes.
Your lurid green scales are hard. (AC +7)
You cannot fit into any form of body armour.
Your system is resistant to poisons. (rPois)
You are cold-blooded and may be slowed by cold attacks.
You have sharp toenails.
You often lose your temper in combat.
Your mind is acute. (Int +2)
Your body sometimes deteriorates upon taking damage.


Message History

Aim: a brown ugly thing (severely wounded, chance to defeat MR: 50%)
The brown ugly thing resists with significant effort.
Evoking this partially-identified wand wasted a few charges.
The brown ugly thing pecks you!
Your body deteriorates!
You feel weakened.
You are splashed with acid!
The acid burns!
* * * LOW HITPOINT WARNING * * *
You feel much better. The brown ugly thing pecks you! The acid corrodes you!
You are splashed with acid!
The acid burns!
* * * LOW HITPOINT WARNING * * *
As you read the scroll of teleportation, it crumbles to dust.
You feel strangely unstable. The brown ugly thing pecks you!
* * * LOW HITPOINT WARNING * * *
The acid corrodes you!
You are splashed with acid!
The acid burns!
* * * LOW HITPOINT WARNING * * *
The brown ugly thing pecks you!
* * * LOW HITPOINT WARNING * * *
You are splashed with acid!
The acid burns!
You die...
Your body glows with a rainbow of weird colours and disappears.

### ########## #.#
#........####.#
#.............#
#.............#
#..##'##......#
########..#...#......#
.......[..#...#......####.
.....)....#..)#.@..........
.....)....#...#.u......####
......))..#...#........#
..........#...#........#
###
..........#...#........#
...
..........#...#........#
...
######....#####......(.# ..
#................... ###
#................... #..


You could see a brown ugly thing.

Vanquished Creatures
  A hydra (D:11)
  Nergalle (D:10)
  3 hill giants
  A cyclops (D:11)
  2 two-headed ogres
  A hippogriff (D:11)
  3 wraiths
  A wyvern (D:9)
  20 yaks
  A hungry ghost (D:8)
  Edmund (D:5)
  2 water moccasins
  2 ice beasts
  A sky beast (D:8)
  3 black bears
  4 orc warriors
  An eye of draining (D:11)
  4 centaurs
  7 ogres
  7 bullfrogs
  A wyvern skeleton (D:6)
  A water moccasin skeleton (D:5)
  2 scorpions
  15 killer bees
  An electric eel (D:8)
  2 crimson imps
  A bullfrog zombie (D:11)
  6 hounds
  6 orc priests
  3 bullfrog skeletons
  A jelly (D:8)
  7 orc wizards
  3 centaur skeletons
  3 iguanas
  4 worker ants
  A killer bee zombie (D:10)
  A hound skeleton (D:10)
  A worker ant zombie (D:5)
  14 gnolls
  7 adders
  A howler monkey skeleton (D:6)
  A shadow imp (D:5)
  An adder zombie (D:7)
  6 worms
  5 dart slugs
  5 leopard geckos
  50 orcs
  A ball python (D:2)
  13 bats
  3 giant cockroaches
  24 hobgoblins
  21 jackals
  10 kobolds
  9 quokkas
  3 frilled lizards
  14 goblins
  A jackal skeleton (D:4)
  A leopard gecko skeleton (D:8)
  2 quokka zombies
  11 rats
328 creatures vanquished.

Vanquished Creatures (collateral kills)
  Josephine (D:10)
  An ogre mage (D:11)
  A two-headed ogre (D:11)
  3 orc warriors (D:9)
  A sky beast (D:9)
  2 ogres (D:11)
  A crocodile (D:10)
  An orc priest (D:8)
  An orc wizard (D:9)
  An ooze (D:10)
  A leopard gecko (D:9)
  3 orcs
17 creatures vanquished.

Vanquished Creatures (others)
  An orc priest (D:9)
  An orc wizard (D:9)
  A ball lightning (D:9)
  5 orcs (D:9)
8 creatures vanquished.

Grand Total: 353 creatures vanquished

Notes
Turn   | Place    | Note
-------+----------+-------------------------------------------
     0 | D:1      | empire the Draconian Monk began the quest for the Orb.
     0 | D:1      | Reached XP level 1. HP: 19/19 MP: 1/1
   337 | D:1      | Reached XP level 2. HP: 23/26 MP: 2/2
   672 | D:1      | Reached XP level 3. HP: 21/33 MP: 3/3
  1500 | D:2      | Reached XP level 4. HP: 17/40 MP: 4/4
  1975 | D:2      | Learned a level 1 spell: Beastly Appendage
  2206 | D:3      | Reached skill level 1 in Transmutations
  2459 | D:3      | Reached XP level 5. HP: 38/46 MP: 5/5
  2538 | D:3      | Found a snail-covered altar of Cheibriados.
  3436 | D:4      | Reached XP level 6. HP: 51/52 MP: 6/6
  4153 | D:5      | Entered Level 5 of the Dungeon
  4258 | D:5      | Reached skill level 1 in Spellcasting
  4290 | D:5      | Found a radiant altar of Vehumet.
  4354 | D:5      | Noticed Edmund
  4419 | D:5      | Killed Edmund
  4419 | D:5      | Your scales start taking on a lurid green colour.
  4419 | D:5      | Reached XP level 7. HP: 12/60 MP: 8/8
  4419 | D:5      | Gained mutation: Your system is resistant to poisons. (rPois) [Green Draconian growth]
  4837 | D:5      | Found a staircase to the Ecumenical Temple.
  4844 | Temple   | Entered the Ecumenical Temple
  5009 | Temple   | Became a worshipper of Nemelex Xobeh the Trickster
  5009 | Temple   | Received a gift from Nemelex Xobeh
  5009 | Temple   | Reached * piety under Nemelex Xobeh
  5009 | Temple   | Reached ** piety under Nemelex Xobeh
  5205 | D:5      | Reached skill level 5 in Long Blades
  5394 | D:6      | Reached skill level 1 in Invocations
  5403 | D:6      | Reached skill level 5 in Fighting
  5534 | D:6      | Received a gift from Nemelex Xobeh
  5747 | D:6      | Found a hide-covered altar of Uskayaw.
  5762 | D:6      | Reached skill level 5 in Dodging
  5762 | D:6      | Reached XP level 8. HP: 67/68 MP: 9/9
  6401 | D:7      | Received a gift from Nemelex Xobeh
  6644 | D:7      | Reached *** piety under Nemelex Xobeh
  7169 | D:8      | Found Paboud's Antique Weapon Shop.
  7207 | D:8      | Found a sacrificial altar of Ru.
  7256 | D:8      | Received a gift from Nemelex Xobeh
  7339 | D:8      | Found a shadowy altar of Dithmenos.
  7344 | D:8      | Found Jeakhlaoll's Assorted Antiques.
  7366 | D:8      | Reached XP level 9. HP: 77/78 MP: 12/12
  7391 | D:8      | Reached skill level 5 in Invocations
  7486 | D:8      | Bought a box of beasts for 460 gold pieces
  7486 | D:8      | Bought a cyan potion for 20 gold pieces
  7758 | D:8      | Reached XP level 10. HP: 78/88 MP: 14/14
  8149 | D:8      | Gained mutation: You tend to lose your temper in combat. [mutagenic meat]
  8592 | D:8      | Reached **** piety under Nemelex Xobeh
  8637 | D:8      | Found Ryorr's Weapon Shoppe.
  8910 | D:9      | Gained mutation: Your body sometimes deteriorates upon taking damage. [mutagenic meat]
  8911 | D:9      | Gained mutation: You often lose your temper in combat. [mutagenic meat]
  8912 | D:9      | Gained mutation: Your mind is acute. (Int +2) [mutagenic meat]
  8913 | D:9      | Gained mutation: You have sharp toenails. [mutagenic meat]
  8919 | D:9      | Found a flagged portal.
  8926 | Bailey   | Entered a bailey
  9293 | Bailey   | Received a gift from Nemelex Xobeh
 10010 | D:9      | Received a gift from Nemelex Xobeh
 10071 | D:9      | Noticed a hill giant
 10086 | D:9      | Killed a hill giant
 10508 | D:10     | Entered Level 10 of the Dungeon
 10525 | D:10     | Noticed Josephine
 10548 | D:10     | Killed Josephine
 10553 | D:10     | Noticed a hill giant
 10563 | D:9      | Reached XP level 11. HP: 92/97 MP: 17/17
 10759 | D:10     | Noticed Nergalle
 10778 | D:10     | Killed Nergalle
 10834 | D:10     | Killed a hill giant
 11035 | D:10     | Found a staircase to the Orcish Mines.
 11173 | D:10     | Reached skill level 10 in Fighting
 11600 | D:10     | Received a gift from Nemelex Xobeh
 11744 | D:11     | Noticed a four-headed hydra
 11751 | D:11     | Killed a five-headed hydra
 12050 | D:11     | Found a staircase to the Lair.
 12105 | D:11     | Reached ***** piety under Nemelex Xobeh
 12261 | D:11     | Reached skill level 10 in Long Blades
 12359 | D:11     | Received a gift from Nemelex Xobeh
 12360 | D:11     | Noticed an ogre mage
 12376 | D:11     | Killed an ogre mage
 12473 | D:11     | Noticed a hill giant
 12486 | D:11     | Killed a hill giant
 12486 | D:11     | Reached skill level 1 in Evocations
 12616 | D:11     | Noticed a brown ugly thing
 12641 | D:11     | HP: 3/101 [brown ugly thing (7)]
 12641 | D:11     | Splashed by a brown ugly thing's acid

Skill      XL: |  1  2  3  4  5  6  7  8  9 10 11 |
---------------+----------------------------------+-----
Stealth        | 2 3 4 |  4.1
Dodging        | 3 4 5 7 8 9 |  9.2
Fighting       | 4 5 6 8 9 10 | 10.6
Transmutations | 1 3 |  3.1
Long Blades    | 4 5 6 7 9 10 | 10.1
Spellcasting   | 1 |  1.0
Invocations    | 2 4 6 8 9 |  9.4
Evocations     | 1 |  1.0

Action                   |  1- 3 |  4- 6 |  7- 9 | 10-12 || total
-------------------------+-------+-------+-------+-------++-------
Melee: Falchion          |   156 |    47 |       |       ||   203
       Tailslap          |    13 |    27 |    62 |    87 ||   189
       Scimitar          |       |   137 |   320 |   506 ||   963
       Headbutt          |       |       |     2 |     4 ||     6
 Cast: Beastly Appendage |       |       |     2 |     3 ||     5
 Abil: Breathe Noxious F |       |       |     1 |     2 ||     3
Evoke: Deck              |       |       |     8 |    19 ||    27
       Box of beasts     |       |       |       |     2 ||     2
       Wand              |       |       |       |     8 ||     8
  Use: Scroll            |       |    14 |     9 |     5 ||    28
       Potion            |       |     3 |     1 |     6 ||    10
 Stab: Sleeping          |     6 |     8 |     7 |     4 ||    25
       Invisible         |       |     1 |       |       ||     1
       Distracted        |       |       |     1 |     1 ||     2
       Confused          |       |       |     2 |     1 ||     3
  Eat: Chunk             |     2 |     8 |     9 |    22 ||    41
       Meat ration       |       |       |     1 |       ||     1
       Fruit             |       |       |       |     1 ||     1
Armor: Skin              |    61 |    58 |   119 |   179 ||   417
Dodge: Dodged            |   146 |   157 |   266 |   581 ||  1150
       Rpst.: Falchion   |    46 |    15 |       |       ||    61
       Scimitar          |       |    42 |    76 |   170 ||   288
